 Dungeon Sprint DCSS version 0.16-b1 (webtiles) character file.

6400000 Medar the Intangible (level 23, -21/153 HPs)
             Began as a Spriggan Monk on Mar 8, 2015.
             Was the Champion of Makhleb.
             Demolished by The Servant
             ... wielding a +9 glaive of flaming
              (101 damage)
             ... in the Dungeon (Sprint VIII: "Arena of Blood").
             The game lasted 00:03:10 (64 turns).

Medar the Intangible (Spriggan Monk)                  Turns: 64, Time: 00:03:10

Health: -21/153    AC:  4    Str:  7      XL:     23   Next: 28%
Magic:  34/49      EV: 43    Int: 12      God:    Makhleb [******]
Gold:   0          SH:  0    Dex: 22 (28) Spells: 0 memorised, 76 levels left

rFire  . . .     SeeInvis +     i - +∞ Axe of Woe
rCold  . . .     Clarity  .     a - +0 robe
rNeg   . . .     SustAb   .     (shield restricted)
rPois  .         Gourm    .     (helmet restricted)
rElec  .         Spirit   .     (no cloak)
rCorr  .         Warding  .     (gloves unavailable)
rMut   .         NoTele   +     (boots unavailable)
MR     ++++.                    (no amulet)
Stlth  ++++++++++               (no ring)
                                (no ring)

@: very quick, incredibly resistant to hostile enchantments, uncannily stealthy
A: unfitting armour, see invisible, herbivore 3, speed 3, slow metabolism 2
a: Minor Destruction, Lesser Servant of Makhleb, Major Destruction, Greater
Servant of Makhleb, Renounce Religion


You were in the Dungeon.
You worshipped Makhleb.
Makhleb was exalted by your worship.
You were not hungry.

You visited 1 branch

Inventory:

Hand weapons
 i - the +∞ Axe of Woe (weapon)
   (You found it in the Dungeon)
Armour
 a - a +0 robe (worn)
Scrolls
 h - a scroll of blinking
Potions
 c - a potion of curing {@q1}
 d - a potion of heal wounds
 e - a potion of haste
 f - 2 potions of magic
 g - a potion of berserk rage {!q}
Comestibles
 b - a bread ration


   Skills:
 O Level 27 Fighting
 O Level 27 Axes
 O Level 27 Throwing
 O Level 27 Armour
 O Level 27 Dodging
 O Level 27 Stealth
 O Level 27 Unarmed Combat
 O Level 27 Spellcasting
 O Level 27 Invocations


You had 76 spell levels left.
You didn't know any spells.

Dungeon Overview and Level Annotations

Branches:
Dungeon (1/1)

Altars:
Makhleb

Annotations:
D The Servant


Innate Abilities, Weirdness & Mutations

You are tiny and cannot use many weapons and most armour.
You have supernaturally acute eyesight.
You are a herbivore.
You cover ground extremely quickly.
You need consume almost no food.


Message History

You destroy the sculptor of flesh!
Makhleb accepts your kill.
You feel a little better.
You slice the bag of meat!! You chop the bag of meat into pieces.
You kill the bag of meat!
Makhleb accepts your kill.
You are engulfed in roaring flames.
You hear a shout!
The destroyer blinks!
You hear a shout! x4
The tyrant waves its bony arms in wide circles.
The air twists around and strikes you!
The crawling corpse is engulfed in roaring flames.
The crawling corpse is destroyed!
The tyrant gestures wildly while chanting.
The tyrant seems to speed up.
You hear a shout!
The Servant hits you from afar with a +9 glaive of flaming!!!!
Ouch! That really hurt!
You die...

. . .. .. #% .#
#.. ..# .###.%
.%###.
.%.V.Vz###ooo....
......@§@o.oo.X.L
....o#§§§V.#o.M.L
. #_2§§_# X
#.)§..#
.....§.O..o
......###%.L..%
.###.. ..###. #..
.§# #.. ..#


You could see an accursed, a meat beast, 3 tyrants, The Servant, 3 destroyers, a
sculptor of flesh, 2 large abominations, a meat berserker (berserk) and 8 bags
of meat.

Vanquished Creatures
  A greater mummy (D)
  6 hill giants (D)
  A hydra (D)
  15 ogres (D)
  38 orcs (D)
  A skeletal warrior (D)
  6 vampire knights (D)
  4 large abominations (D)
  A small abomination (D)
  3 crawling corpses (D)
76 creatures vanquished.

Vanquished Creatures (others)
  3 crawling corpses (D)
3 creatures vanquished.

Grand Total: 79 creatures vanquished

Notes
Turn   | Place    | Note
--------------------------------------------------------------
     0 | D        | Medar, the Spriggan Monk, began the quest for the Orb.
     0 | D        | Reached XP level 1. HP: 11/11 MP: 2/2
     3 | D        | Noticed a bag of meat
     3 | D        | Noticed a bag of meat
     4 | D        | Noticed a bag of meat
     5 | D        | Noticed a bag of meat
     5 | D        | Noticed a bag of meat
     5 | D        | Noticed a bag of meat
     6 | D        | Noticed a bag of meat
     6 | D        | Noticed a bag of meat
     7 | D        | Noticed a bag of meat
     7 | D        | Noticed a meat berserker
     9 | D        | Became a worshipper of Makhleb the Destroyer
     9 | D        | Acquired Makhleb's first power
     9 | D        | Acquired Makhleb's second power
    10 | D        | Noticed a bag of meat
    11 | D        | Killed a meat berserker
    11 | D        | Reached skill level 16 in Axes
    11 | D        | Reached skill level 24 in Dodging
    11 | D        | Reached XP level 2. HP: 16/16 MP: 4/4
    11 | D        | Reached XP level 3. HP: 19/19 MP: 6/6
    11 | D        | Reached XP level 4. HP: 23/23 MP: 8/8
    11 | D        | Reached XP level 5. HP: 27/27 MP: 10/10
    11 | D        | Reached XP level 6. HP: 32/32 MP: 12/12
    11 | D        | Reached XP level 7. HP: 35/35 MP: 14/14
    11 | D        | Reached XP level 8. HP: 39/39 MP: 16/16
    11 | D        | Reached XP level 9. HP: 43/43 MP: 18/18
    11 | D        | Reached XP level 10. HP: 47/47 MP: 19/19
    11 | D        | Reached XP level 11. HP: 51/51 MP: 20/20
    11 | D        | Killed a bag of meat
    11 | D        | Reached skill level 27 in Dodging
    11 | D        | Reached XP level 12. HP: 56/56 MP: 21/21
    12 | D        | Noticed a meat berserker
    12 | D        | Killed a bag of meat
    12 | D        | Acquired Makhleb's third power
    12 | D        | Reached XP level 13. HP: 58/70 MP: 22/22
    12 | D        | Killed a bag of meat
    13 | D        | Killed a bag of meat
    13 | D        | Acquired Makhleb's fourth power
    13 | D        | Reached XP level 14. HP: 74/84 MP: 23/23
    14 | D        | Noticed a meat berserker
    14 | D        | Killed a bag of meat
    14 | D        | Reached skill level 15 in Armour
    15 | D        | Noticed a meat berserker
    15 | D        | Killed a bag of meat
    15 | D        | Reached XP level 15. HP: 90/94 MP: 24/24
    16 | D        | Killed a bag of meat
    16 | D        | Acquired Makhleb's fifth power
    16 | D        | Noticed a bag of meat
    17 | D        | Noticed a bag of meat
    18 | D        | Noticed a bag of meat
    18 | D        | Noticed a bag of meat
    18 | D        | Noticed a meat berserker
    18 | D        | Killed a meat berserker
    19 | D        | Noticed a meat berserker
    19 | D        | Noticed a meat berserker
    19 | D        | Killed a bag of meat
    20 | D        | Killed a meat berserker
    20 | D        | Reached XP level 16. HP: 104/107 MP: 25/25
    20 | D        | Noticed a destroyer
    21 | D        | Noticed a bag of meat
    21 | D        | Killed a meat berserker
    21 | D        | Killed a meat berserker
    21 | D        | Killed a meat berserker
    22 | D        | Noticed a bag of meat
    22 | D        | Killed a destroyer
    22 | D        | Reached XP level 17. HP: 113/118 MP: 26/26
    23 | D        | Noticed a bag of meat
    24 | D        | Noticed a bag of meat
    24 | D        | Noticed a meat berserker
    24 | D        | Killed a bag of meat
    24 | D        | Killed a bag of meat
    25 | D        | Killed a meat berserker
    26 | D        | Noticed a bag of meat
    26 | D        | Noticed a large bag of meat
    26 | D        | Killed a bag of meat
    26 | D        | Killed a bag of meat
    26 | D        | Reached skill level 27 in Fighting
    26 | D        | Reached XP level 18. HP: 127/127 MP: 27/27
    27 | D        | Noticed a bag of meat
    27 | D        | Noticed a destroyer
    27 | D        | Killed a bag of meat
    28 | D        | Killed a bag of meat
    29 | D        | Noticed a bag of meat
    30 | D        | Killed a bag of meat
    30 | D        | Reached skill level 27 in Armour
    30 | D        | Killed a bag of meat
    31 | D        | Noticed a meat berserker
    31 | D        | Killed a meat berserker
    31 | D        | Reached skill level 27 in Axes
    31 | D        | Killed a bag of meat
    31 | D        | Reached XP level 19. HP: 132/132 MP: 27/37
    32 | D        | Killed a bag of meat
    32 | D        | Reached skill level 15 in Invocations
    33 | D        | Noticed a large bag of meat
    33 | D        | Noticed a bag of meat
    34 | D        | Noticed an eight-headed meat hydra
    34 | D        | Noticed a bag of meat
    34 | D        | Killed a large bag of meat
    34 | D        | Killed a bag of meat
    35 | D        | Noticed a bag of meat
    35 | D        | Killed a meat berserker
    35 | D        | Reached skill level 27 in Stealth
    36 | D        | Killed a destroyer
    36 | D        | Killed a bag of meat
    37 | D        | Noticed a bag of meat
    37 | D        | Noticed a large bag of meat
    38 | D        | Killed a bag of meat
    38 | D        | Reached XP level 20. HP: 137/137 MP: 28/43
    39 | D        | Noticed a bag of meat
    39 | D        | Killed a bag of meat
    39 | D        | Reached skill level 27 in Invocations
    39 | D        | Reached skill level 5 in Throwing
    39 | D        | Reached skill level 5 in Unarmed Combat
    39 | D        | Reached skill level 5 in Spellcasting
    40 | D        | Noticed a bag of meat
    41 | D        | Noticed a bag of meat
    41 | D        | Killed a bag of meat
    41 | D        | Killed a bag of meat
    42 | D        | Noticed a destroyer
    42 | D        | Noticed a meat berserker
    42 | D        | Killed an eight-headed meat hydra
    42 | D        | Reached skill level 10 in Spellcasting
    43 | D        | Killed a bag of meat
    43 | D        | Reached skill level 10 in Throwing
    45 | D        | Noticed a large bag of meat
    45 | D        | Noticed a bag of meat
    45 | D        | Killed a bag of meat
    46 | D        | Killed a large bag of meat
    47 | D        | Noticed a meat berserker
    47 | D        | Killed a large bag of meat
    47 | D        | Killed a destroyer
    47 | D        | Reached skill level 15 in Throwing
    48 | D        | Noticed a bag of meat
    48 | D        | Noticed a bag of meat
    49 | D        | Killed a bag of meat
    49 | D        | Killed a bag of meat
    49 | D        | Reached skill level 15 in Unarmed Combat
    51 | D        | Noticed a destroyer
    51 | D        | Noticed a meat berserker
    51 | D        | Noticed a large bag of meat
    51 | D        | Noticed a meat berserker
    52 | D        | Noticed a bag of meat
    52 | D        | Noticed a meat berserker
    52 | D        | Noticed a bag of meat
    52 | D        | Noticed a destroyer
    52 | D        | Killed a meat berserker
    52 | D        | Killed a bag of meat
    52 | D        | Reached XP level 21. HP: 142/142 MP: 31/46
    53 | D        | Noticed a bag of meat
    53 | D        | Noticed a sculptor of flesh
    53 | D        | Noticed a bag of meat
    53 | D        | Noticed a sculptor of flesh
    53 | D        | Noticed a bag of meat
    53 | D        | Noticed a bag of meat
    53 | D        | Killed a meat berserker
    54 | D        | Noticed a bag of meat
    54 | D        | Noticed a destroyer
    54 | D        | Killed a meat berserker
    54 | D        | Killed a bag of meat
    55 | D        | Noticed a meat berserker
    55 | D        | Noticed a bag of meat
    56 | D        | Noticed an accursed
    56 | D        | Noticed a large bag of meat
    56 | D        | Noticed a bag of meat
    56 | D        | Killed a destroyer
    56 | D        | Killed a meat berserker
    56 | D        | Killed a bag of meat
    56 | D        | Reached skill level 27 in Spellcasting
    56 | D        | Killed a large bag of meat
    56 | D        | Reached skill level 27 in Throwing
    57 | D        | Noticed The Servant
    57 | D        | Killed a destroyer
    57 | D        | Reached XP level 22. HP: 135/148 MP: 32/49
    57 | D        | Killed a bag of meat
    58 | D        | Noticed a bag of meat
    58 | D        | Noticed a bag of meat
    58 | D        | Noticed a destroyer
    58 | D        | Noticed a destroyer
    58 | D        | Noticed a bag of meat
    58 | D        | Noticed a bag of meat
    58 | D        | Noticed a bag of meat
    59 | D        | Noticed a bag of meat
    59 | D        | Killed a meat berserker
    60 | D        | Noticed a bag of meat
    60 | D        | Killed a bag of meat
    60 | D        | Reached skill level 27 in Unarmed Combat
    60 | D        | Killed a large bag of meat
    61 | D        | Noticed a destroyer
    61 | D        | Noticed an accursed
    61 | D        | Killed a large bag of meat
    61 | D        | Killed a meat berserker
    61 | D        | Killed a destroyer
    62 | D        | Noticed a meat beast
    62 | D        | Noticed a meat berserker
    62 | D        | Noticed a tyrant
    62 | D        | Noticed a tyrant
    62 | D        | Killed an accursed
    63 | D        | Noticed a destroyer
    63 | D        | Killed a bag of meat
    63 | D        | Killed a bag of meat
    63 | D        | Killed a bag of meat
    63 | D        | Reached XP level 23. HP: 153/153 MP: 33/49
    63 | D        | Killed a bag of meat
    64 | D        | Noticed a tyrant
    64 | D        | Killed a sculptor of flesh
    64 | D        | Killed a bag of meat
    64 | D        | Demolished by The Servant

Action                   |  1- 3 |  4- 6 |  7- 9 | 10-12 | 13-15 | 16-18 | 19-21 | 22-24 || total
-------------------------+-------+-------+-------+-------+-------+-------+-------+-------++-------
Melee: Broad axe         |     1 |       |       |     1 |     7 |     9 |    18 |     6 ||    42
